 Dungeon Crawl Stone Soup version 0.19-a0-607-g42021f0 (webtiles) character file.

62773 georgeearnest the Severer (level 15, 0/136 HPs)
             Began as a Hill Orc Fighter on June 12, 2016.
             Was a High Priest of Beogh.
             Killed by divine providence
             ... invoked by a meliai
              (16 damage)
             ... on level 14 of the Dungeon.
             The game lasted 01:02:26 (24553 turns).

georgeearnest the Severer (Hill Orc Fighter)       Turns: 24553, Time: 01:02:28

Health: 0/136      AC: 31    Str: 28    XL:     15   Next: 7%
Magic:  16/16      EV: 11    Int:  8    God:    Beogh [*****.]
Gold:   814        SH: 17    Dex: 12    Spells: 0 memorised, 14 levels left

rFire  . . .     SeeInvis .     C - +4 war axe
rCold  + . .     Gourm    .     a - +7 plate armour of Eternity {Str+2}
rNeg   . . .     Faith    .     c - +0 shield
rPois  +         Spirit   .     z - +0 helmet
rElec  .         Dismiss  .     D - +2 cloak {rPois}
rCorr  .         Reflect  +     (no gloves)
SustAt .         Harm     .     A - +0 pair of boots
MR     +++..                    y - +2 amulet of reflection
Stlth  ..........               B - ring of protection from magic
                                x - ring of protection from cold

@: extremely resistant to hostile enchantments, extremely unstealthy
A: walk on water, claws 1, agile 1, blurry vision 1, magic resistance 1,
screaming 1, subdued magic 1
a: Smiting, Recall Orcish Followers, Give Item to Named Follower, Renounce
Religion


You were on level 14 of the Dungeon.
You worshipped Beogh.
Beogh was extremely pleased with you.
You were not hungry.

You visited 3 branches of the dungeon, and saw 18 of its levels.

You collected 2305 gold pieces.
You spent 1491 gold pieces at shops.

Inventory:

Hand Weapons
 b - the +6 scimitar of Flaming Death {sticky flame, rPois rF++ rC- MR+}
   (You bought it in a shop on level 5 of the Dungeon)

   It has been specially enchanted to burn those struck by it, causing extra
   injury to most foes and up to half again as much damage against particularly
   susceptible opponents.
   Big, fiery blades are also staple armaments of hydra-hunters.
   It greatly protects you from fire.
   It makes you vulnerable to cold.
   It protects you from poison.
   It affects your resistance to hostile enchantments.
 C - a +4 war axe (weapon)
Missiles
 j - 4 exploding tomahawks (quivered)
Armour
 a - the +7 plate armour of Eternity (worn) {Str+2}
   (You found it on level 8 of the Dungeon)

   It affects your strength (+2).
 c - a +0 shield (worn)
 p - a +4 scale mail of positive energy
 z - a +0 helmet (worn)
 A - a +0 pair of boots (worn)
 D - a +2 cloak of poison resistance (worn)
Jewellery
 h - an uncursed amulet of dismissal
 x - a ring of protection from cold (left claw)
 y - a +2 amulet of reflection (around neck)
 B - a ring of protection from magic (right claw)
 G - an uncursed ring of flight {unknown}
 J - a +3 ring of strength {unknown}
Wands
 r - a wand of polymorph (9/24)
Scrolls
 i - a scroll of enchant armour {unknown}
 m - 3 scrolls of identify
 o - 2 scrolls of enchant weapon
 s - a scroll of teleportation
 O - 3 scrolls of fog
Potions
 e - a potion of ambrosia {unknown}
 f - 3 potions of agility
 q - a potion of invisibility {unknown}
 v - a potion of experience {unknown}
 N - 2 potions of berserk rage {unknown}
 R - a potion of cure mutation {unknown}
Miscellaneous
 l - a fan of gales
 T - a lamp of fire (inert)
 Y - a phantom mirror
Comestibles
 k - 18 fruits
 u - 3 slices of pizza
 w - 8 bread rations


   Skills:
 + Level 13.3 Fighting
 + Level 17.5 Axes
 + Level 12.5 Armour
 + Level 6.0 Dodging
 + Level 2.1 Stealth
 + Level 14.5 Shields
 + Level 1.5 Invocations


You had 14 spell levels left.
You didn't know any spells.

Dungeon Overview and Level Annotations

Branches:
Dungeon (14/15)            Temple (0/1) D:5            Lair (0/6) D:10
    Orc (2/2) D:11            Elf (2/3) Orc:2        Vaults (0/5) D:13

Altars:
Elyvilon
Fedhas
Nemelex Xobeh
Okawaru
Pakellas
Ru
Trog
Beogh

Shops:
D:5 (   D:7 %   D:11 ([   D:14 [   Orc:1 =   Orc:2 ?![%!}*%}

Portals:
Pandemonium: Orc:2

Annotations:
D:4 Pikel


Innate Abilities, Weirdness & Mutations

You can walk on water.
You have sharp fingernails.
You are agile. (Dex +2)
Scrolls take you a little longer to read.
You are resistant to hostile enchantments. (MR+)
You occasionally shout uncontrollably at your foes.
Your spells are a little easier to cast, but a little less powerful.


Message History

The skeletal warrior is severely damaged.
The skeletal warrior hits you with a flail.
You slice the skeletal warrior!!
You destroy the skeletal warrior!
Beogh accepts your kill.
You hear a splash.
The meliai invokes the aid of its god against you.
Something smites you!
* * * LOW HITPOINT WARNING * * *
The meliai buzzes angrily.
You block the meliai's attack.
The meliai stings you but does no damage.
You block the meliai's attack. x2
The meliai invokes the aid of its god against you.
Something smites you!
* * * LOW HITPOINT WARNING * * *
You block the meliai's attack. x2
The meliai invokes the aid of its god against you.
Something smites you!
You die...

#.≈♣♣♣≈.≈♣♣♣≈≈≈♣♣♣≈
#≈≈♣ ♣≈.≈♣ ♣≈.≈♣ ≈
#.≈♣♣♣≈≈≈♣♣♣≈≈≈♣♣♣≈
###.≈≈≈≈≈≈≈≈≈≈≈.≈≈≈≈≈
..≈≈≈≈.≈.≈≈.≈..≈....
#..≈≈≈≈≈≈≈≈≈≈≈≈≈≈≈≈≈
#.≈≈♣♣♣≈.≈♣♣♣≈.≈♣♣♣≈
#).≈♣ ♣≈≈≈♣ ♣≈.≈♣ ≈
#<(@♣♣♣≈≈≈♣♣♣≈≈≈♣
#.≈yy≈≈≈≈≈≈≈≈≈.≈≈≈
#...≈≈zz≈..≈..≈≈..
#.≈≈≈≈≈≈≈≈≈≈≈≈.≈
##.≈≈♣♣♣y≈≈♣♣♣≈.≈
##.#.≈♣ ♣≈.≈♣ ≈≈≈
###.##≈≈♣♣♣≈)≈♣♣♣≈.≈
#...##.≈≈≈≈≈.≈≈≈≈≈.≈
#.#.##.≈..≈≈≈≈..≈.≈≈


You could see 2 skeletal warriors and 3 meliai.

Vanquished Creatures
  Kirke (Elf:1)
  An orc warlord (D:13)
  3 deep elf demonologists (Elf:1)
  4 vault guards (D:13)
  2 centaur warriors
  A death knight (D:14)
  Erica (D:8)
  2 dancing weapons (Elf:1)
  2 orc high priests (Orc:2)
  A sun demon (Orc:2)
  4 deep elf knights (Elf:1)
  The ghost of tstbtto the Spear-Bearer, a novice CeGl of Trog (D:8)
  7 skeletal warriors
  4 deep elf archers
  8 unseen horrors
  A phantasmal warrior (D:14)
  An orc knight (Elf:1)
  A hill giant (D:13)
  A torturous demonspawn (Orc:2)
  A griffon (D:14)
  A wizard (D:13)
  A cyclops (D:13)
  A manticore (D:11)
  12 deep elf magi
  A gargoyle (D:10)
  A harpy zombie (D:13)
  7 trolls
  2 two-headed ogres
  13 slime creatures
  Sigmund (D:6)
  An air elemental (Elf:1)
  2 wyverns
  6 yaks (D:9)
  2 basilisks (D:10)
  A fire elemental (Elf:1)
  6 water elementals
  5 wraiths
  2 hogs (Elf:1)
  6 hippogriffs
  A hungry ghost (D:13)
  3 wargs
  A mottled dragon (D:12)
  Edmund (D:5)
  2 water moccasins
  3 porcupines (D:10)
  2 sky beasts
  17 orc warriors
  3 ice beasts
  2 slaves (D:4)
  A black bear (D:8)
  6 phantoms
  A necrophage (D:11)
  6 ogres
  3 centaurs
  2 crocodiles
  Blork the orc (D:6)
  12 giant frogs
  2 big kobolds
  2 wyvern zombies (D:12)
  A gnoll sergeant (D:6)
  A water moccasin zombie (D:6)
  An earth elemental (Elf:1)
  A wyvern skeleton (D:13)
  21 killer bees
  3 scorpions
  4 wights (D:13)
  3 howler monkeys
  3 electric eels (D:14)
  3 giant frog zombies
  6 crimson imps
  5 centaur skeletons
  6 hounds
  3 jellies
  9 orc wizards
  5 giant frog skeletons
  3 orc priests
  Crazy Yiuf (D:6)
  6 iguanas
  16 worker ants
  5 sheep (D:10)
  A hound zombie (D:10)
  2 worker ant zombies
  9 gnolls
  2 river rats (D:10)
  22 adders
  An ooze (D:4)
  3 adder skeletons
  3 adder zombies (D:4)
  6 worms
  2 dart slugs (D:1)
  6 giant geckos
  31 orcs
  3 giant cockroaches
  6 goblins
  6 hobgoblins
  7 jackals
  3 quokkas
  3 ball pythons
  10 bats
  2 giant gecko zombies
  19 kobolds
  A quokka skeleton (D:4)
  9 rats
452 creatures vanquished.

Vanquished Creatures (collateral kills)
  The ghost of Yermak the Severer, a journeyman DDAs of Makhleb (Orc:2)
  Snorg (Orc:1)
  A vault guard (D:13)
  An ogre mage (D:13)
  A dancing weapon (Elf:1)
  4 orc high priests (Orc:2)
  A deep elf knight (Elf:1)
  2 orc knights (Orc:2)
  A deep elf mage (Elf:1)
  A cyclops (Orc:1)
  3 orc sorcerers (Orc:2)
  A rust devil (Orc:2)
  A griffon (D:13)
  An orange demon (Orc:2)
  3 trolls
  A red devil (Orc:2)
  A two-headed ogre (Orc:2)
  A slime creature (D:12)
  A spriggan (shapeshifter) (Elf:1)
  A yak (D:13)
  A human (D:13)
  2 hogs (Elf:1)
  2 wargs (Orc:1)
  5 orc warriors
  A phantom (D:12)
  2 eyes of draining
  2 ogres
  A gnoll sergeant (D:11)
  4 killer bees (D:12)
  8 orc priests
  3 orc wizards
  A worker ant (D:13)
  3 gnolls (D:11)
  8 orcs
71 creatures vanquished.

Vanquished Creatures (others)
  Nessos (Orc:2)
  An orc high priest (Elf:1)
  An unseen horror (D:9)
  7 orc knights
  3 orc sorcerers (Orc:2)
  A yaktaur (D:13)
  12 orc warriors
  A centaur (D:5)
  18 orc priests
  4 orc wizards
  30 orcs
  A fungus (D:10)
80 creatures vanquished.

Grand Total: 603 creatures vanquished

Notes
Turn   | Place    | Note
--------------------------------------------------------------
     0 | D:1      | georgeearnest the Hill Orc Fighter began the quest for the Orb.
     0 | D:1      | Reached XP level 1. HP: 19/19 MP: 1/1
   269 | D:1      | Reached XP level 2. HP: 27/27 MP: 2/2
   686 | D:2      | Reached skill level 3 in Axes
   686 | D:2      | Reached XP level 3. HP: 10/33 MP: 3/3
   918 | D:2      | Reached skill level 1 in Dodging
   918 | D:2      | Reached XP level 4. HP: 28/40 MP: 4/4
  1987 | D:2      | Found a sacrificial altar of Ru.
  2468 | D:3      | Reached XP level 5. HP: 46/46 MP: 5/5
  2833 | D:3      | Noticed a centaur
  2849 | D:3      | Killed a centaur
  2849 | D:3      | Reached skill level 4 in Axes
  2849 | D:3      | Reached XP level 6. HP: 20/53 MP: 6/6
  3549 | D:4      | Found an iron altar of Okawaru.
  3864 | D:4      | Noticed a slave
  3866 | D:4      | Noticed a slave
  3867 | D:4      | Noticed a slave
  3869 | D:4      | Noticed Pikel
  3872 | D:4      | Noticed a slave
  4080 | D:4      | Killed a slave
  4210 | D:4      | Killed a slave
  4308 | D:5      | Entered Level 5 of the Dungeon
  4323 | D:5      | Reached skill level 5 in Fighting
  4344 | D:5      | Found Nohaanut's Weapon Emporium.
  4348 | D:5      | Noticed a water moccasin
  4515 | D:5      | Noticed Edmund
  4516 | D:5      | Found a staircase to the Ecumenical Temple.
  4523 | D:5      | Killed Edmund
  4523 | D:5      | Reached skill level 5 in Armour
  4523 | D:5      | Reached skill level 5 in Shields
  4523 | D:5      | Reached XP level 7. HP: 55/61 MP: 7/7
  4532 | D:5      | Reached skill level 5 in Axes
  4930 | D:5      | Found a white marble altar of Elyvilon.
  5151 | D:5      | Reached XP level 8. HP: 54/69 MP: 8/8
  5274 | D:6      | Noticed Sigmund
  5297 | D:6      | Killed Sigmund
  5353 | D:6      | Reached skill level 1 in Stealth
  5357 | D:6      | Reached skill level 6 in Axes
  5769 | D:6      | Noticed Blork the orc
  5782 | D:6      | Killed Blork the orc
  5927 | D:6      | Reached XP level 9. HP: 69/78 MP: 9/9
  6044 | D:6      | Reached skill level 7 in Axes
  6072 | D:6      | Noticed Crazy Yiuf
  6077 | D:6      | Killed Crazy Yiuf
  6765 | D:7      | Found Deeckos's Food Boutique.
  6915 | D:7      | Found a sparkling altar of Nemelex Xobeh.
  7472 | D:8      | Reached skill level 8 in Axes
  7940 | D:8      | Found a bloodstained altar of Trog.
  7965 | D:8      | Noticed Erica
  7988 | D:8      | Killed Erica
  7988 | D:8      | Reached skill level 9 in Axes
  7988 | D:8      | Reached XP level 10. HP: 37/86 MP: 10/10
  7995 | D:8      | Got an obsidian-encrusted plate armour
  8006 | D:8      | Identified the +7 plate armour of Eternity {Str+2} (You found it on level 8 of the Dungeon)
  8284 | D:8      | Noticed tstbtto's ghost (novice CeGl)
  8313 | D:8      | Killed tstbtto's ghost
  9059 | D:9      | Reached skill level 10 in Axes
  9163 | D:9      | Became a worshipper of Beogh the Brigand
  9373 | D:9      | Gained mutation: You are weak. (Str -2) [mutagenic meat]
  9502 | D:9      | Reached skill level 11 in Axes
  9538 | D:9      | Reached XP level 11. HP: 70/95 MP: 11/11
  9544 | D:9      | Reached * piety under Beogh
  9556 | D:9      | Noticed a centaur warrior
  9571 | D:9      | Killed an unseen horror
  9584 | D:9      | Killed a centaur warrior
  9584 | D:9      | Reached skill level 10 in Shields
 10320 | D:10     | Entered Level 10 of the Dungeon
 10503 | D:10     | Reached ** piety under Beogh
 10570 | D:10     | Found a staircase to the Lair.
 10597 | D:10     | Killed an unseen horror
 10619 | D:10     | Reached skill level 12 in Axes
 11131 | D:10     | Found an oddly glowing altar of Pakellas.
 11647 | D:10     | Killed an unseen horror
 11905 | D:11     | Reached skill level 5 in Dodging
 11945 | D:11     | Found Kodurch's Armour Shoppe.
 11945 | D:11     | Found a staircase to the Orcish Mines.
 11945 | D:11     | Found Mapi Hisy's Weapon Shoppe.
 11978 | D:11     | Reached *** piety under Beogh
 12061 | D:11     | Reached skill level 10 in Fighting
 12429 | D:11     | Noticed a manticore
 12439 | D:11     | Killed a manticore
 12439 | D:11     | Reached XP level 12. HP: 89/106 MP: 12/12
 12929 | D:12     | Gained Syrus as an ally
 13002 | D:12     | Reached skill level 13 in Axes
 13140 | D:11     | Gained mutation: Scrolls take you a little longer to read. [potion of mutation]
 13140 | D:11     | Gained mutation: You possess an exceptional clarity of mind. [potion of mutation]
 13140 | D:11     | Gained mutation: Armour fits poorly on your strangely shaped body. [potion of mutation]
 13141 | D:11     | Gained mutation: Scrolls take you longer to read. [potion of mutation]
 13141 | D:11     | Lost mutation: Armour fits poorly on your strangely shaped body. [potion of mutation]
 13141 | D:11     | Gained mutation: You are resistant to hostile enchantments. (MR+) [potion of mutation]
 13161 | Orc:1    | Entered Level 1 of the Orcish Mines
 13315 | Orc:1    | Reached skill level 10 in Armour
 13354 | Orc:1    | Noticed Snorg
 13386 | Orc:1    | Killed Snorg
 13397 | Orc:1    | Found Kenlunagask's Jewellery Emporium.
 13857 | D:5      | Bought the +6 scimitar of Flaming Death {sticky flame, rPois rF++ rC- MR+} for 903 gold pieces
 14225 | Orc:2    | Entered Level 2 of the Orcish Mines
 14245 | Orc:2    | Found Sokusoso's Magic Scroll Boutique.
 14252 | Orc:2    | Bought a scroll of teleportation for 45 gold pieces
 14252 | Orc:2    | Bought a scroll of fog for 30 gold pieces
 14252 | Orc:2    | Bought a scroll of teleportation for 45 gold pieces
 14262 | Orc:2    | Noticed Yermak's ghost (journeyman DDAs)
 14265 | Orc:2    | Found Isux's Distillery.
 14312 | Orc:2    | Noticed Nessos
 14324 | Orc:2    | Found Mudo Ekh's Distillery.
 14326 | Orc:2    | Killed Nessos
 14375 | Orc:2    | Bought a potion of curing for 42 gold pieces
 14375 | Orc:2    | Bought a potion of curing for 42 gold pieces
 14378 | Orc:2    | Found a staircase to the Elven Halls.
 14399 | Orc:2    | Found Olas's Food Shop.
 14408 | Orc:2    | Found Wofrocu's Gadget Emporium.
 14516 | Orc:2    | Found Ycoicex's General Store.
 14518 | Orc:2    | Found Evuacig's Food Emporium.
 14520 | Orc:2    | Reached **** piety under Beogh
 14715 | Orc:2    | Noticed a sun demon
 14720 | Orc:2    | Killed a sun demon
 14723 | Orc:2    | Noticed an orc high priest
 14738 | Orc:2    | Killed an orc high priest
 14743 | Orc:2    | Noticed an orc high priest
 14745 | Orc:2    | Gained Warbeogh as an ally
 14757 | Orc:2    | Killed an orc high priest
 14763 | Orc:2    | Noticed an orc high priest
 14773 | Orc:2    | Noticed a sun demon
 14782 | Orc:2    | Killed an orc high priest
 14782 | Orc:2    | Gained Murdo as an ally
 14783 | Orc:2    | HP: 4/110 [orc warrior/mace (11)]
 14796 | Orc:2    | Killed an orc high priest
 14800 | Orc:2    | Your ally Warbeogh died
 15177 | Orc:2    | Noticed an orc high priest
 15182 | Orc:2    | Paralysed by an orc sorcerer for 5 turns
 15185 | Orc:2    | Noticed a soul eater
 15190 | Orc:2    | Noticed a soul eater
 15193 | Orc:2    | Noticed a soul eater
 15196 | Orc:2    | Killed an orc high priest
 15196 | Orc:2    | Reached skill level 14 in Axes
 15196 | Orc:2    | Reached XP level 13. HP: 61/116 MP: 13/13
 15434 | Orc:2    | Found Cezuce's Antique Armour Boutique.
 15434 | Orc:2    | Found Vihoet's Gadget Shop.
 15435 | Orc:2    | Found a one-way gate leading to the halls of Pandemonium.
 15912 | Orc:2    | Found a roughly hewn altar of Beogh.
 16043 | Orc:2    | Bought 2 potions of curing for 96 gold pieces
 16043 | Orc:2    | Bought a potion of mutation for 40 gold pieces
 16043 | Orc:2    | Bought a potion of mutation for 40 gold pieces
 16043 | Orc:2    | Bought a potion of mutation for 40 gold pieces
 16043 | Orc:2    | Bought a potion of curing for 48 gold pieces
 16043 | Orc:2    | Bought a potion of heal wounds for 80 gold pieces
 16043 | Orc:2    | Bought a potion of mutation for 40 gold pieces
 16043 | Orc:2    | Gained mutation: You are agile. (Dex +2) [potion of mutation]
 16043 | Orc:2    | Gained mutation: You occasionally shout uncontrollably at your foes. [potion of mutation]
 16044 | Orc:2    | Lost mutation: You possess an exceptional clarity of mind. [potion of mutation]
 16044 | Orc:2    | Gained mutation: You expend magic power (3 MP) to strengthen your wands. [potion of mutation]
 16045 | Orc:2    | Gained mutation: Your spells are a little easier to cast, but a little less powerful. [potion of mutation]
 16045 | Orc:2    | Gained mutation: You are very weak. (Str -4) [potion of mutation]
 16045 | Orc:2    | Lost mutation: You expend magic power (3 MP) to strengthen your wands. [potion of mutation]
 16046 | Orc:2    | Gained mutation: You have sharp fingernails. [potion of mutation]
 16046 | Orc:2    | Lost mutation: You are very weak. (Str -4) [potion of mutation]
 16286 | Orc:2    | Killed Yermak's ghost
 16336 | Elf:1    | Entered Level 1 of the Elven Halls
 16420 | Elf:1    | Noticed Kirke
 16433 | Elf:1    | Your ally Syrus died
 16442 | Elf:1    | Killed Kirke
 16445 | Elf:1    | Your ally Murdo died
 16452 | Elf:1    | Lost mutation: You are weak. (Str -2) [mutagenic meat]
 16453 | Elf:1    | Lost mutation: Scrolls take you longer to read. [mutagenic meat]
 16531 | Elf:1    | Reached ***** piety under Beogh
 16870 | Elf:1    | Reached skill level 15 in Axes
 17030 | Elf:1    | Noticed a deep elf demonologist
 17030 | Elf:1    | Noticed a deep elf demonologist
 17030 | Elf:1    | Noticed a deep elf demonologist
 17034 | Elf:1    | Noticed a green death
 17041 | Elf:1    | Noticed a reaper
 17042 | Elf:1    | Noticed a Hell Sentinel
 17084 | Elf:1    | Noticed a reaper
 17090 | Elf:1    | Killed a deep elf demonologist
 17094 | Elf:1    | Killed a deep elf demonologist
 17103 | Elf:1    | Killed a deep elf demonologist
 17487 | Elf:1    | Noticed an ice dragon
 17487 | Elf:1    | Noticed a fire dragon
 17487 | Elf:1    | Noticed a fire dragon
 17488 | Elf:1    | Noticed an ice dragon
 18038 | Elf:1    | Reached XP level 14. HP: 72/126 MP: 14/14
 18316 | Elf:1    | Reached skill level 16 in Axes
 18318 | Elf:1    | Reached skill level 1 in Invocations
 19128 | D:12     | Found a bloodstained altar of Trog.
 19530 | D:12     | Gained Okrist as an ally
 19601 | D:12     | Found a blossoming altar of Fedhas.
 20133 | D:13     | Your ally Okrist died
 20149 | D:13     | Was placed under penance by Beogh
 21223 | D:13     | Noticed an orc warlord
 21235 | D:14     | Found Jiwnazuy's Antique Armour Shop.
 21951 | D:13     | Found a gate to the Vaults.
 21961 | D:13     | Was forgiven by Beogh
 22438 | D:13     | Got a pair of smoking boots
 22453 | D:13     | Identified the cursed +0 pair of boots of the Solstice {rF- Str-4 Slay+5 SInv} (You found it on level 13 of the Dungeon)
 23229 | D:13     | Reached skill level 17 in Axes
 23241 | D:13     | Killed an orc warlord
 23754 | D:14     | Reached XP level 15. HP: 51/136 MP: 16/16
 24553 | D:14     | Killed from afar by a meliai

Vault maps used:
D:1:      eino_arrival_cavern_e, serial_bayou_ford_a
D:2:      nicolae_ru_the_path_less_chosen
D:4:      lemuel_round_altar, serial_undead, serial_undead_c, serial_undead_e,
          serial_undead_b, serial_undead_e, serial_undead_f, uniq_pikel
D:5:      elyvilon_altar_4, temple_pool_b, first_bread, serial_shops, shop,
          uniq_edmund
D:6:      uniq_blork_the_orc, uniq_sigmund, uniq_crazy_yiuf_cottage
D:7:      serial_shops, nicolae_shop_window_shopping,
          nemelex_lonely_heart_becter
D:8:      overflow_temple_1_default, kennysheep_generic_room_13, uniq_erica
D:9:      hangedman_cross_veins
D:10:     minmay_lair_entry_grove, basic_altar
D:11:     orc_david_3
D:12:     basic_altar, hangedman_tree_tricks, nooodl_food_tri
D:13:     kennysheep_six_static_rooms, grunt_vaults_entry_fortified
D:14:     kennysheep_boxes, serial_shops, nicolae_shop_waterfront
Orc:1:    serial_shops, shop_coins, nicolae_orc_rockfall, uniq_snorg, uniq_maud
Orc:2:    pf_orc_diabolical, basic_altar, special_room, serial_shops, shop,
          shop, shop, shop, shop, uniq_nessos
Elf:1:    orc_legates, dk_noncrumbling_2, uniq_kirke
Elf:2:    nicolae_elf_glass_and_crystal_pillar_2, grunt_ministairs_15,
          evilmike_ambush, uniq_roxanne, uniq_azrael

Skill      XL: |  1  2  3  4  5  6  7  8  9 10 11 12 13 14 |
---------------+-------------------------------------------+-----
Fighting       | 4 5 6 7 8 10 11 12 13 | 13.3
Axes           | 3 4 5 6 9 11 12 14 15 17 | 17.5
Shields        | 4 5 6 8 9 11 12 13 14 | 14.5
Dodging        | 1 2 3 4 5 6 |  6.0
Armour         | 4 5 6 7 8 9 10 11 12 | 12.5
Stealth        | 1 2 |  2.1
Invocations    | 1 |  1.5

Action                   |  1- 3 |  4- 6 |  7- 9 | 10-12 | 13-15 || total
-------------------------+-------+-------+-------+-------+-------++-------
Melee: War axe           |   104 |   243 |   325 |   738 |   844 ||  2254
Invok: Convert to Beogh  |       |       |       |     1 |       ||     1
       Recall Orcish Fol |       |       |       |       |     2 ||     2
       Smiting           |       |       |       |       |     2 ||     2
       Give Item to Name |       |       |       |       |     1 ||     1
Evoke: Fan of gales      |       |       |       |       |     1 ||     1
       Lamp of fire      |       |       |       |       |     1 ||     1
  Use: Potion            |     2 |       |     2 |     9 |    11 ||    24
       Scroll            |       |       |       |    14 |    11 ||    25
 Stab: Distracted        |       |       |       |     1 |     1 ||     2
  Eat: Bread ration      |       |     2 |     2 |     1 |     1 ||     6
       Meat ration       |       |     1 |       |     3 |     4 ||     8
       Beef jerky        |       |       |     1 |     2 |     2 ||     5
       Chunk             |       |       |       |     1 |     3 ||     4
       Pizza             |       |       |       |     1 |     1 ||     2
       Fruit             |       |       |       |     2 |       ||     2
Armor: Scale mail        |    46 |   101 |    85 |       |       ||   232
       Plate armour      |       |       |       |   566 |   351 ||   917
Dodge: Dodged            |    42 |    83 |    89 |   194 |   174 ||   582
Block: Shield            |    72 |   125 |   198 |   582 |   548 ||  1525
       Reflection        |       |       |     3 |    19 |    30 ||    52
